 Dungeon Crawl Stone Soup version 0.18-a0-1126-ga2d7f46 (webtiles) character file.

2444 M4edhros the Sneak (level 9, -7/47 HPs)
             Began as an Octopode Artificer on Jan 20, 2016.
             Was a Follower of Fedhas.
             Mangled by Sigmund
             ... wielding a +0 scythe
              (13 damage)
             ... on level 3 of the Dungeon.
             The game lasted 00:19:46 (8245 turns).

M4edhros the Sneak (Octopode Artificer)             Turns: 8245, Time: 00:19:46

Health: -7/47      AC:  1    Str: 10      XL:     9   Next: 49%
Magic:  12/12      EV: 10    Int: 13 (14) God:    Fedhas [*.....]
Gold:   406        SH: 16    Dex:  9 (12) Spells: 0 memorised, 8 levels left

rFire  . . .     SeeInvis .     L - +0 dagger (venom)
rCold  . . .     Gourm    .     q - +3 large shield {reflect}
rNeg   . . .     Faith    .     (helmet restricted)
rPois  +         Spirit   .     (no amulet)
rElec  .         Dismiss  .     x - ring of protection from magic
rCorr  .         Reflect  +     (no ring)
SustAt .         Harm     .     (no ring)
MR     +....                    (no ring)
Stlth  +++++.....               (no ring)
                                (no ring)
                                (no ring)
                                (no ring)

@: somewhat resistant to hostile enchantments, quite stealthy
A: almost no armour, amphibious, 8 rings, constrict 8, antennae 1, camouflage 1,
blurry vision 1, deterioration 1, dopey 2, frail 1, low mp 1, poison resistance,
gelatinous body 1, no device heal 1
a: Evolution, Renounce Religion


You were on level 3 of the Dungeon.
You worshipped Fedhas.
Fedhas was aware of your devotion.
You were very hungry.

You visited 1 branch of the dungeon, and saw 8 of its levels.
You visited the Abyss 1 time.
You also visited: Sewer and Ossuary.

You collected 406 gold pieces.

Inventory:

Hand Weapons
 i - a +0 short sword of protection
 z - a +1 whip of electrocution
 A - a +0 hunting sling
 L - a +0 dagger of venom (weapon)
Missiles
 l - 225 stones (quivered)
 s - 44 sling bullets
 t - 11 sling bullets of frost
 E - 19 exploding sling bullets
Armour
 q - a +3 large shield of reflection (worn)
Jewellery
 x - a ring of protection from magic (left tentacle)
Wands
 b - a wand of flame (0/48)
 c - a wand of enslavement (13/24)
 d - a wand of random effects (13/48)
Scrolls
 a - a scroll of fog
 e - a scroll of enchant weapon {unknown}
 k - 4 scrolls of remove curse
 m - 4 scrolls of recharging
 o - a scroll of teleportation {unknown}
 y - a scroll of fear
 D - a scroll of blinking
 F - 4 scrolls of immolation {unknown}
 G - a scroll of identify
 J - a scroll of random uselessness {unknown}
 K - a scroll of noise {unknown}
Potions
 h - 3 potions of brilliance
 j - 5 potions of might
 p - a potion of mutation {unknown}
 r - a potion of cancellation {unknown}
 v - a potion of flight
 w - 2 potions of poison
 C - 3 potions of curing
 H - a potion of lignification
Books
 B - a book of Transfigurations

   Spells                             Type                      Level
   a - Stoneskin                      Transmutation/Earth          2
   b - Irradiate                      Conjuration/Transmutation    5
   c - Statue Form                    Transmutation/Earth          6
   d - Hydra Form                     Transmutation                6
   e - Dragon Form                    Transmutation                7
Comestibles
 f - 3 bread rations
 g - 5 fruits
 n - a royal jelly
 u - 4 beef jerkies
 I - a slice of pizza


   Skills:
 - Level 1.0 Fighting
 - Level 1.0 Short Blades
 + Level 2.5 Slings
 + Level 6.0 Dodging
 + Level 7.8 Stealth
 * Level 7.5 Shields
 + Level 0.7 Invocations
 + Level 6.5 Evocations


You had 8 spell levels left.
You didn't know any spells.

Dungeon Overview and Level Annotations

Branches:
Dungeon (8/15)             Temple (0/1) D:4
   Lair: D:8-11

Altars:
Ashenzari
Cheibriados
Fedhas
Pakellas
Sif Muna
Xom
Yredelemnul
The Shining One

Shops:
D:4 }

Annotations:
D:3 Sigmund


Innate Abilities, Weirdness & Mutations

You cannot wear most types of armour.
You are amphibious.
You can wear up to eight rings at the same time.
You can use your tentacles to constrict eight enemies at once.
Your skin changes colour to match your surroundings (Stealth).
Your rubbery body absorbs attacks (AC +1).
You have a pair of small antennae on your head.
Scrolls take you a little longer to read.
Your body sometimes deteriorates upon taking damage.
You are very dopey. (Int -4)
You are frail (-10% HP).
Your magical capacity is low (-10% MP).
Your system is resistant to poisons.
Potions and wands are less effective at restoring your health.


Message History

Zapping:
b - a wand of flame (2/48)
Press: ? - help, Shift-Dir - straight line, f - you This wand has 1 charge left.
Evoke which item? (* to show all) (? for menu, Esc to quit)
Zapping:
b - a wand of flame (1/48)
Press: ? - help, Shift-Dir - straight line, f - you This wand has 0 charges left.
Something hits you.
* * * LOW HITPOINT WARNING * * *
You closely miss something. You block its attack.
Your shield prevents you from hitting something.
You barely miss something. Your squeeze misses something.
A nearby toadstool withers and dies.
Something hits you.
* * * LOW HITPOINT WARNING * * *
Your body deteriorates!
You feel dopey.
Evoke which item? (* to show all) (? for menu, Esc to quit)
Zapping:
c - a wand of enslavement (14/24)
Press: ? - help, Shift-Dir - straight line, f - you Nothing appears to happen.
This wand has 13 charges left.
Something hits you!
You die...
Fedhas appreciates your contribution to the ecosystem.

#....# #....# .# #....#
.#######. ###....## ##
.......... ....... ...
...........# #....##..#
.........#.###..{.....#
................@.##..##
........................
.........#..#...).....##
.........#..#....###....
........................
.....รท..................
........).>.#....###..##
.........#..#....# .#
.................... .


There were no monsters in sight!

Vanquished Creatures
  The ghost of Orcmeat the Skirmisher, an amateur GrFi (Sewer)
  A sky beast (D:5)
  2 black bears (D:7)
  An elf zombie (Ossuary)
  2 elf skeletons (D:7)
  3 giant frogs
  2 scorpions
  5 crimson imps
  4 human zombies
  4 hounds
  3 orc priests
  A centaur skeleton (D:7)
  4 orc wizards
  2 giant frog skeletons
  2 human skeletons (D:7)
  Ijyb (D:3)
  Natasha (twice) (D:3)
  16 adders
  9 worker ants
  2 hound zombies (D:5)
  A hound skeleton (D:5)
  2 mummies (Ossuary)
  14 oozes
  2 adder zombies (Ossuary)
  6 worms
  20 giant geckos
  12 orcs
  13 giant cockroaches
  5 hobgoblins
  14 jackals
  3 quokkas
  17 ball pythons
  12 bats
  A giant gecko zombie (D:5)
  18 giant newts
  6 goblins
  12 hobgoblin zombies (Ossuary)
  A jackal skeleton (D:6)
  A jackal zombie (Ossuary)
  9 kobolds
  8 kobold zombies (Ossuary)
  8 orc zombies
  A quokka zombie (D:5)
  12 rats
  3 rat zombies (Ossuary)
  A spectral orc (D:7)
269 creatures vanquished.

Vanquished Creatures (collateral kills)
  Jessica (D:2)
  3 orcs (D:6)
  2 hobgoblins (D:2)
6 creatures vanquished.

Vanquished Creatures (others)
  2 orc wizards (D:6)
  25 toadstools
27 creatures vanquished.

Grand Total: 302 creatures vanquished

Notes
Turn   | Place    | Note
--------------------------------------------------------------
     0 | D:1      | M4edhros the Octopode Artificer began the quest for the Orb.
     0 | D:1      | Reached XP level 1. HP: 13/13 MP: 3/3
     0 | D:1      | Noticed a shadow dragon
     1 | D:1      | Noticed an ice dragon
     3 | D:1      | Noticed an orb of fire
     3 | D:1      | Noticed a shadow dragon
     6 | D:1      | Noticed a yellow draconian
     8 | D:1      | Noticed an ice dragon
    10 | D:1      | Noticed an ice dragon
    12 | D:1      | Noticed a tentacled monstrosity
    13 | D:1      | Noticed an ice dragon
    14 | D:1      | Noticed an ice dragon
    14 | D:1      | Noticed an ice dragon
    16 | D:1      | Noticed an iron dragon
    19 | D:1      | Noticed a tentacled monstrosity
    19 | D:1      | Noticed a large abomination
   371 | D:1      | Reached XP level 2. HP: 18/18 MP: 4/4
   563 | D:2      | Noticed Terence
   570 | D:2      | Noticed Terence
   570 | D:2      | Terence changed into Terence the adder
   593 | D:2      | Killed Jessica
   593 | D:2      | Reached XP level 3. HP: 11/23 MP: 5/5
   613 | D:2      | Killed Terence the adder
  1085 | D:1      | Reached XP level 4. HP: 28/28 MP: 6/6
  1149 | D:2      | Reached skill level 1 in Shields
  1252 | D:3      | Noticed Natasha
  1256 | D:3      | Killed Natasha
  1256 | D:3      | Reached skill level 4 in Evocations
  1489 | D:4      | Reached XP level 5. HP: 33/33 MP: 8/8
  1497 | D:4      | Noticed a phantom
  1716 | D:5      | Entered Level 5 of the Dungeon
  1750 | D:5      | Found a glowing golden altar of the Shining One.
  1880 | D:5      | Reached XP level 6. HP: 36/38 MP: 9/9
  1908 | D:5      | Noticed a sky beast
  1990 | D:5      | Killed a sky beast
  1996 | D:5      | Gained mutation: You are agile. (Dex +2) [mutagenic meat]
  1997 | D:5      | Gained mutation: You are dopey. (Int -2) [mutagenic meat]
  1998 | D:5      | Gained mutation: Your system is resistant to poisons. [mutagenic meat]
  1999 | D:5      | Gained mutation: You have a pair of small antennae on your head. [mutagenic meat]
  2026 | D:5      | Found a shimmering altar of Xom.
  2032 | D:5      | Became a worshipper of Xom of Chaos
  2040 | D:5      | Found a glowing drain.
  2061 | Sewer    | Entered a sewer
  2089 | Sewer    | XOM: divination: magic mapping
  2179 | Sewer    | Noticed Orcmeat's ghost (amateur GrFi)
  2181 | Sewer    | XOM: harmless Air miscast
  2203 | Sewer    | Killed Orcmeat's ghost
  2203 | Sewer    | Reached XP level 7. HP: 14/43 MP: 10/10
  2381 | Sewer    | XOM: mild Summ miscast
  2382 | Sewer    | Noticed a spatial vortex
  2604 | Sewer    | XOM is BORED!
  2604 | Sewer    | XOM: medium Trmt miscast
  2651 | Sewer    | Reached skill level 5 in Stealth
  2675 | Sewer    | Reached skill level 5 in Evocations
  2784 | Sewer    | XOM: medium Erth miscast
  2784 | Sewer    | XOM: smoke on damage
  2798 | Sewer    | XOM: give mutations
  2798 | Sewer    | Gained mutation: Your magical capacity is low (-10% MP). [Xom's mischief]
  2798 | Sewer    | Gained mutation: You are frail (-10% HP). [Xom's mischief]
  2798 | Sewer    | Gained mutation: You are very dopey. (Int -4) [Xom's mischief]
  2798 | Sewer    | Gained mutation: Your body sometimes deteriorates upon taking damage. [Xom's mischief]
  3176 | D:5      | XOM: 4-stop teleportation journey
  3208 | D:5      | XOM: 3-stop teleportation journey
  3398 | D:5      | Found an oddly glowing altar of Pakellas.
  3398 | D:5      | Found a snail-covered altar of Cheibriados.
  3417 | D:5      | Reached XP level 8. HP: 33/43 MP: 10/10
  3493 | D:5      | XOM: god gift: meat ration
  3567 | D:5      | XOM: harmless Conj miscast
  3600 | D:6      | Reached skill level 5 in Shields
  3728 | D:6      | Reached skill level 6 in Stealth
  3831 | D:6      | XOM: confusion (+ monsters)
  3885 | D:6      | Reached skill level 5 in Dodging
  3906 | D:6      | XOM is BORED!
  3906 | D:6      | XOM: stat loss: -3 Str (7/10)
  4065 | D:6      | XOM: summons 3 hostile demons
  4066 | D:6      | Noticed a ynoxinul
  4066 | D:6      | Noticed a ynoxinul
  4066 | D:6      | Noticed an orange demon
  4315 | D:6      | XOM: scenery: 1 doors close
  4812 | D:7      | Reached skill level 1 in Slings
  4814 | D:7      | Found a sand-covered staircase.
  4917 | Ossuary  | Entered an ossuary
  5115 | Ossuary  | XOM: cast spell 'Spider Form'
  5257 | Ossuary  | XOM: torment (21/43 hp)
  5266 | Ossuary  | XOM: 4-stop teleportation journey
  5311 | Ossuary  | XOM: repel stairs
  5349 | Ossuary  | Reached XP level 9. HP: 26/47 MP: 12/12
  5410 | Ossuary  | Reached skill level 7 in Stealth
  5446 | Ossuary  | XOM: noise
  5583 | D:7      | XOM: colour smoke trail
  5585 | D:7      | XOM: give mutation
  5585 | D:7      | Lost mutation: You are agile. (Dex +2) [Xom's mischief]
  5890 | D:7      | XOM: colour smoke trail
  6054 | D:7      | Found a basalt altar of Yredelemnul.
  6100 | D:7      | XOM: severe Hex miscast
  6111 | D:7      | Gained mutation: Scrolls take you a little longer to read. [mutagenic glow]
  6140 | D:7      | Gained mutation: Potions and wands are less effective at restoring your health. [mutagenic glow]
  6170 | D:8      | Found a deep blue altar of Sif Muna.
  6184 | D:8      | XOM: give mutation
  6184 | D:8      | XOM: noise
  6302 | D:4      | XOM: summons 4 hostile demons
  6304 | D:4      | Cast into level 2 of the Abyss (chaos spawn)
  6343 | D:4      | Escaped the Abyss
  6658 | D:4      | XOM: noise
  6780 | D:4      | XOM: potion effect (haste)
  6830 | D:4      | Found a shattered altar of Ashenzari.
  6851 | D:4      | XOM: swap monsters
  6876 | D:4      | Found Zewi's Gadget Shop.
  6893 | D:4      | Found a staircase to the Ecumenical Temple.
  7170 | D:4      | Found a blossoming altar of Fedhas.
  7185 | D:4      | Fell from the grace of Xom
  7185 | D:4      | Became a worshipper of Fedhas Madash
  7911 | D:1      | Reached * piety under Fedhas
  8132 | D:3      | Noticed Natasha
  8142 | D:3      | Killed Natasha
  8148 | D:3      | Noticed Ijyb
  8158 | D:3      | Killed Ijyb
  8231 | D:3      | Noticed Sigmund
  8237 | D:3      | XOM: medium Fire miscast
  8245 | D:3      | Mangled by Sigmund

Vault maps used:
D:1:      shiori_arrival_whats_in_store_for_you
D:2:      uniq_jessica, uniq_terence
D:3:      grunt_temple_overflow_lords_of_destruction,
          kennysheep_generic_room_10, uniq_iyjb, uniq_crazy_yiuf_cottage,
          uniq_natasha, uniq_sigmund
D:4:      lemuel_coloured_pillars_altar, lemuel_doored_altar, temple_statues,
          first_bread, serial_shops, shop
D:5:      kennysheep_mini_moat, old_standard_altar,
          gammafunk_temple_overflow_statue, portal_sewer_entry_a,
          minmay_misc_feat_rows, kennysheep_crisscross
D:7:      yredelemnul_forgotten_temple_becter, nicolae_ossuary_entry_catacombs
D:8:      boulder_corridor_run, nicolae_overflow_crystal_walls
Abyss:2:  evilmike_abyss_exit_1
Sewer:    sewer_frog_island_02
Ossuary:  ossuary_tomb_1

Action                   |  1- 3 |  4- 6 |  7- 9 || total
-------------------------+-------+-------+-------++-------
Melee: Short sword       |    34 |   138 |   502 ||   674
       Whip              |       |       |    47 ||    47
       Unarmed           |       |       |    17 ||    17
       Dagger            |       |       |    61 ||    61
 Fire: Hunting sling     |       |       |    17 ||    17
Evoke: Wand              |     5 |     7 |    17 ||    29
  Use: Scroll            |       |     8 |     6 ||    14
       Potion            |       |       |     6 ||     6
 Stab: Sleeping          |     6 |    24 |    43 ||    73
       Distracted        |       |     1 |     3 ||     4
  Eat: Chunk             |       |    10 |     8 ||    18
       Meat ration       |       |       |     2 ||     2
       Royal jelly       |       |       |     1 ||     1
